 Dungeon Crawl Stone Soup version 0.23.2 (webtiles) character file.

Game seed: 5140693414664892905

5733 skittles the Nimble (level 10, -6/80 HPs)
             Began as a Merfolk Gladiator on Apr 11, 2019.
             Was a Follower of Dithmenos.
             Mangled by a death yak (15 damage)
             ... on level 8 of the Dungeon on Apr 12, 2019.
             The game lasted 00:20:54 (7936 turns).

skittles the Nimble (Merfolk Gladiator)             Turns: 7936, Time: 00:20:55

Health: -6/80      AC: 10    Str: 15    XL:     10   Next: 77%
Magic:  19/19      EV: 23    Int: 11    God:    Dithmenos [*.....]
Gold:   543        SH:  0    Dex: 25    Spells: 9/9 levels left

rFire    + . .     SeeInvis .   a - +1 trident
rCold    . . .     Gourm    .   (no shield)
rNeg     . . .     Faith    .   h - +3 ring mail {rF+}
rPois    +         Spirit   .   (helmet restricted)
rElec    .         Reflect  .   w - scarf {cloud immunity}
rCorr    .         Harm     .   A - +1 pair of gloves
MR       .....                  (no boots)
Stlth    ++........             (no amulet)
HPRegen  0.23/turn              i - ring of magical power
MPRegen  0.16/turn              E - +6 ring of dexterity

@: wreathed by umbra
A: change form in water, swift swim, stealthy swim, beak, horns 1, clever 2,
poison resistance
a: Renounce Religion


You were on level 8 of the Dungeon.
You worshipped Dithmenos.
Dithmenos was aware of your devotion.
You were not hungry.

You visited 2 branches of the dungeon, and saw 9 of its levels.

You collected 591 gold pieces.
You spent 48 gold pieces at shops.

Inventory:

Hand Weapons
 a - a +1 trident (weapon)
 g - a +0 blowgun
 j - a +4 morningstar
 I - a +0 halberd
Missiles
 d - 3 throwing nets
 e - 348 stones
 k - 68 poisoned needles
 o - 4 tomahawks
 r - 4 javelins of penetration
 y - 3 javelins (quivered)
Armour
 h - a +3 ring mail of fire resistance (worn)
 w - a scarf of cloud immunity (worn)
 A - a +1 pair of gloves (worn)
Jewellery
 i - a ring of magical power (left hand)
 E - a +6 ring of dexterity (right hand)
 K - an uncursed ring of ice
Wands
 l - a wand of flame (17)
 H - a wand of enslavement (6)
Scrolls
 m - 8 scrolls of remove curse
 n - 2 scrolls of enchant armour
 t - a scroll of enchant weapon
 u - 3 scrolls of blinking
 x - 3 scrolls of teleportation
Potions
 v - a potion of lignification
 z - 2 potions of haste
 B - 2 potions of degeneration
 C - a potion of brilliance
 D - 2 potions of cancellation
 G - a potion of berserk rage
Comestibles
 f - 9 rations


   Skills:
 * Level 8.1 Fighting
 + Level 12.6 Polearms
 - Level 5.0 Throwing
 * Level 13.1 Dodging
 - Level 1.4 Stealth


You had 9 spell levels left.
You didn't know any spells.
Your spell library contained the following spells:

 Spells                   Type           Power        Failure   Level  Hunger
 Flame Tongue             Conj/Fire      #....        56%         1    ##.....
 Throw Flame              Conj/Fire      #.....       71%         2    ###....
 Conjure Flame            Conj/Fire      #.......     91%         3    ####...
 Inner Flame              Hex/Fire       #.......     91%         3    ####...
 Sticky Flame             Conj/Fire      #.......     100%        4    #####..
 Fireball                 Conj/Fire      #.........   100%        5    ######.


Dungeon Overview and Level Annotations

Branches:
Dungeon (8/15)             Temple (1/1) D:6            Lair (0/6) D:8

Altars:
Ashenzari
Cheibriados
Dithmenos
Elyvilon
Fedhas
Hepliaklqana
Kikubaaqudgha
Nemelex Xobeh
Okawaru
Qazlal
Ru
Sif Muna
Uskayaw
Wu Jian
Xom
Yredelemnul
Zin
The Shining One

Shops:
D:8 *

Annotations:
D:8 1 runed translucent door, ahnwi's ghost, novice DsAK


Innate Abilities, Weirdness & Mutations

You revert to your normal form in water You are very nimble and swift while swimming.
You are very stealthy in the water. (Stealth+)
You have a beak for a mouth.
You have a pair of small horns on your head.
Your mind is very acute. (Int +4)
Your system is resistant to poisons. (rPois)


Message History

You hit the yak.
The yak is severely wounded.
The yak misses you.
You hit the yak.
The yak is severely wounded.
The death yak gores you!!
* * * LOW HITPOINT WARNING * * *
The yak completely misses you. The death yak closely misses you.
The death yak misses you. The yak barely misses you.
You hit the death yak.
You headbutt the death yak, but do no damage.
The death yak is lightly wounded.
The yak gores you.
* * * LOW HITPOINT WARNING * * *
The death yak completely misses you. The death yak closely misses you.
You hit the death yak. You headbutt the death yak.
The death yak is lightly wounded.
The yak completely misses you. The yak closely misses you.
The death yak gores you!
You die...

#.# #.#.......#
#.#.# #.#
#.#.......#
#.#.##### #.#
#.........#
#.....).# #.#
##.......#
#...###.# #.#
#.......#
#...###.# #.#
#.......#
#........
#.##########.##.#
#..####..
#........Y.Y.# #
#..######
##########@###..#
#........


#YYYY.# #...###.. #YoY...... .....[. #oo.o..... ..###.# #.....#... #... #....##
.. #..# ##.... . #.#. #....> ..... #...... ##.## You could see 3 death yaks, 5
yaks, an orc warrior, an orc priest and 2 orcs.

Vanquished Creatures
  2 two-headed ogres (D:8)
  Psyche (D:8)
  Grinder (D:4)
  A hippogriff (D:8)
  Sigmund (D:5)
  Eustachio (D:3)
  2 ice beasts
  3 sky beasts
  2 orc warriors (D:6)
  A necrophage (D:6)
  4 ogres
  A black bear (D:3)
  A centaur (D:7)
  A big kobold (D:8)
  3 bullfrogs (D:7)
  5 scorpions
  4 killer bees (D:8)
  2 howler monkeys
  5 wights (D:7)
  7 crimson imps
  2 centaur zombies
  6 orc priests
  4 hounds
  5 orc wizards
  A bullfrog skeleton (D:6)
  A jelly (D:8)
  A centaur skeleton (D:6)
  A gnoll shaman (D:4)
  6 worker ants
  8 adders
  10 gnolls
  An ooze (D:7)
  4 adder skeletons
  2 worms (D:2)
  3 dart slugs
  3 leopard geckos
  25 orcs
  5 giant cockroaches
  4 goblins
  3 hobgoblins (D:3)
  13 jackals
  5 quokkas
  3 ball pythons
  8 bats
  2 frilled lizards
  A jackal zombie (D:6)
  19 kobolds
  A quokka zombie (D:5)
  9 rats
204 creatures vanquished.

Vanquished Creatures (others)
  A fungus (D:8)
  3 plants (D:8)
4 creatures vanquished.

Grand Total: 208 creatures vanquished

Notes
Turn   | Place    | Note
-------+----------+-------------------------------------------
     0 | D:1      | skittles the Merfolk Gladiator began the quest for the Orb.
     0 | D:1      | Reached XP level 1. HP: 16/16 MP: 1/1
   142 | D:1      | Reached XP level 2. HP: 22/22 MP: 2/2
   206 | D:1      | Reached skill level 1 in Stealth
   299 | D:1      | Reached skill level 5 in Polearms
   435 | D:1      | Reached XP level 3. HP: 26/27 MP: 3/3
  1124 | D:2      | Reached skill level 5 in Dodging
  1124 | D:2      | Reached XP level 4. HP: 33/33 MP: 4/4
  1890 | D:3      | Noticed a black bear
  1903 | D:3      | Killed a black bear
  1903 | D:3      | Reached XP level 5. HP: 27/38 MP: 5/5
  2025 | D:3      | Reached skill level 6 in Dodging
  2242 | D:3      | Found a faded altar of an unknown god.
  2330 | D:4      | Noticed Eustachio
  2371 | D:3      | Reached XP level 6. HP: 26/44 MP: 6/6
  2565 | D:3      | Killed Eustachio
  3050 | D:4      | Reached skill level 7 in Dodging
  3050 | D:4      | Reached XP level 7. HP: 44/50 MP: 7/7
  3463 | D:4      | Gained mutation: You are robust. (+10% HP) [potion of
                  | mutation]
  3463 | D:4      | Gained mutation: Your natural rate of healing is unusually
                  | fast. [potion of mutation]
  3463 | D:4      | Gained mutation: You have a beak for a mouth. [potion of
                  | mutation]
  4024 | D:5      | Entered Level 5 of the Dungeon
  4024 | D:5      | Noticed Grinder
  4028 | D:5      | Paralysed by Grinder for 2 turns
  4042 | D:4      | Killed Grinder
  4042 | D:4      | Reached skill level 8 in Dodging
  4063 | D:5      | Reached XP level 8. HP: 61/61 MP: 8/8
  4071 | D:5      | Noticed Sigmund
  4080 | D:5      | Killed Sigmund
  4130 | D:5      | Lost mutation: You are robust. (+10% HP) [potion of
                  | mutation]
  4130 | D:5      | Lost mutation: Your natural rate of healing is unusually
                  | fast. [potion of mutation]
  4130 | D:5      | Gained mutation: Your system is resistant to poisons.
                  | (rPois) [potion of mutation]
  4130 | D:5      | Gained mutation: Your mind is acute. (Int +2) [potion of
                  | mutation]
  4130 | D:5      | Gained mutation: Your mind is very acute. (Int +4) [potion
                  | of mutation]
  4130 | D:5      | Gained mutation: You have a pair of small horns on your
                  | head. [potion of mutation]
  4450 | D:5      | Reached skill level 9 in Dodging
  4470 | D:5      | Reached skill level 10 in Polearms
  4875 | D:6      | Reached skill level 5 in Throwing
  4875 | D:6      | Reached XP level 9. HP: 52/61 MP: 9/9
  4990 | D:6      | Reached skill level 10 in Dodging
  5477 | D:6      | Found a staircase to the Ecumenical Temple.
  5509 | Temple   | Entered the Ecumenical Temple
  5584 | Temple   | Became a worshipper of Dithmenos the Shadowed
  6014 | D:6      | Found a hide-covered altar of Uskayaw.
  6014 | D:6      | Found a faded altar of an unknown god.
  6020 | D:6      | Found a deep blue altar of Sif Muna.
  6029 | D:6      | Found a faded altar of an unknown god.
  6030 | D:6      | Found a blossoming altar of Fedhas.
  6247 | D:7      | Reached skill level 11 in Dodging
  6305 | D:7      | Reached skill level 5 in Fighting
  6476 | D:7      | Found a sparkling altar of Nemelex Xobeh.
  6754 | D:8      | Found Puxt's Assorted Antiques.
  6763 | D:8      | Bought a scroll labeled JINUTUE HEMUIT for 24 gold pieces
  6763 | D:8      | Bought a scroll labeled SAPSIJ IRUA for 24 gold pieces
  6781 | D:8      | Reached * piety under Dithmenos
  6816 | D:8      | Noticed a two-headed ogre
  6831 | D:8      | Killed a two-headed ogre
  6831 | D:8      | Reached skill level 12 in Dodging
  6831 | D:8      | Reached XP level 10. HP: 36/77 MP: 10/10
  7270 | D:8      | Found a shimmering altar of Xom.
  7274 | D:8      | Noticed Psyche
  7292 | D:8      | Killed Psyche
  7618 | D:8      | Found a shattered altar of Ashenzari.
  7629 | D:8      | Noticed a two-headed ogre
  7639 | D:8      | Killed a two-headed ogre
  7639 | D:8      | Reached skill level 13 in Dodging
  7697 | D:8      | Found a runed translucent door.
  7700 | D:8      | Noticed ahnwi's ghost (novice DsAK)
  7738 | D:8      | Identified the cursed +1 spear of Duty {venom, Fragile rC+
                  | rN+}
  7917 | D:8      | Noticed a death yak
  7918 | D:8      | Found a staircase to the Lair.
  7919 | D:8      | Noticed a death yak
  7919 | D:8      | Noticed a death yak
  7936 | D:8      | Mangled by a death yak

Skill      XL: |  1  2  3  4  5  6  7  8  9 10 |
---------------+-------------------------------+-----
Stealth        | 1 |  1.4
Polearms       | 5 6 7 9 10 12 | 12.6
Dodging        | 5 6 7 8 9 12 13 | 13.1
Throwing       | 3 4 5 |  5.0
Fighting       | 6 8 |  8.1

Action                   |  1- 3 |  4- 6 |  7- 9 | 10-12 || total
-------------------------+-------+-------+-------+-------++-------
Melee: Trident           |   107 |   154 |   445 |   107 ||   813
       Peck              |       |       |    81 |    29 ||   110
       Headbutt          |       |       |    71 |    34 ||   105
Throw: Javelin           |       |       |    11 |       ||    11
  Use: Scroll            |       |    10 |     9 |     3 ||    22
       Potion            |       |     8 |    10 |     2 ||    20
 Stab: Sleeping          |     2 |       |     8 |       ||    10
  Eat: Chunk             |     1 |     3 |     3 |       ||     7
       Ration            |       |     1 |     3 |     1 ||     5
Armor: Ring mail         |    20 |    55 |    68 |    19 ||   162
       Leather armour    |     1 |       |       |       ||     1
       Skin              |       |       |    32 |       ||    32
Dodge: Dodged            |    51 |   125 |   239 |   106 ||   521
